 Dungeon Crawl Stone Soup version 0.22.1-1-ga44c0e5 (webtiles) character file.

716 Folque the Archer (level 7, -1/61 HPs)
             Began as a Centaur Hunter on Sept 23, 2018.
             Slain by a phantom (9 damage)
             ... on level 3 of the Dungeon.
             The game lasted 00:17:49 (3580 turns).

Folque the Archer (Centaur Hunter)                  Turns: 3580, Time: 00:17:50

Health: -1/61      AC:  4    Str: 14    XL:     7   Next: 41%
Magic:  1/7        EV: 10    Int: 10    God:
Gold:   202        SH:  0    Dex: 12    Spells: 4/6 levels left

rFire    . . .     SeeInvis .   x - +2 short sword (speed)
rCold    . . .     Gourm    .   (no shield)
rNeg     . . .     Faith    .   y - +0 leather armour {rPois}
rPois    +         Spirit   .   (no helmet)
rElec    .         Reflect  .   (no cloak)
rCorr    .         Harm     .   (no gloves)
MR       +....                  (no barding)
Stlth    +.........             (no amulet)
HPRegen  0.20/turn              n - ring of protection from magic
MPRegen  0.10/turn              (no ring)

@: very slightly contaminated, very quick
A: large, hooves 3, deformed body, speed 2, tough skin 3
a: no special abilities


You were on level 3 of the Dungeon.
You were hungry.

You visited 1 branch of the dungeon, and saw 4 of its levels.

You collected 202 gold pieces.

Inventory:

Hand Weapons
 a - a +1 shortbow
 b - a +0 short sword
 l - a +2 vampiric whip
 q - a +0 spear
 x - a +2 short sword of speed (weapon)
Armour
 c - a +0 leather armour
 i - a +0 buckler
 y - a +0 leather armour of poison resistance (worn)
Jewellery
 n - a ring of protection from magic (left hand)
Scrolls
 j - a scroll of magic mapping {unknown}
 k - a scroll of enchant weapon {unknown}
 m - 2 scrolls of remove curse
 o - a scroll of blinking {unknown}
 r - 2 scrolls of fog {unknown}
 s - 2 scrolls of noise {unknown}
 u - a scroll of immolation {unknown}
 A - 2 scrolls of identify
Potions
 g - a potion of ambrosia {unknown}
 h - a potion of haste {unknown}
 p - a potion of flight
 t - a potion of lignification {unknown}
 v - 2 potions of magic
 w - 2 potions of might {unknown}
Comestibles
 f - 3 rations
 z - 6 chunks of flesh


   Skills:
 - Level 5.1 Fighting
 * Level 2.4 Short Blades
 - Level 8.2 Bows
 + Level 2.9 Dodging
 - Level 0.4 Stealth


You had 4 spell levels left.
You knew the following spells:

 Your Spells              Type           Power        Failure   Level  Hunger
a - Call Imp              Summ           #.......     58%         2    ###....

Your spell library contained the following spells:

 Spells                   Type           Power        Failure   Level  Hunger
 Magic Dart               Conj           #...         43%         1    ##.....
 Blink                    Tloc           N/A          58%         2    ###....
 Slow                     Hex            #.......     58%         2    ###....
 Conjure Flame            Conj/Fire      #.......     82%         3    ####...
 Mephitic Cloud           Conj/Pois/Air  #.......     82%         3    ####...


Dungeon Overview and Level Annotations

Branches:
Dungeon (4/15)
 Temple: D:4-7

Altars:
Sif Muna


Innate Abilities, Weirdness & Mutations

You have hooves in place of feet.
Armour fits poorly on your strangely shaped body.
You cover ground very quickly.
You have extremely tough skin. (AC +3)


Message History

g - Guard the area. f - Follow me.
Anything else - Cancel.
Gang up on whom?
Press: ? - help, Dir - move target cursor, f/p - phantom
Aim: a phantom (severely damaged) Attack!
The phantom closely misses your crimson imp.
Your crimson imp misses the phantom.
The phantom hits your crimson imp!
Your crimson imp hits the phantom.
The phantom blinks!
Your crimson imp blinks!
You hit the phantom.
The phantom is almost destroyed.
The phantom completely misses you.
You hit the phantom but do no damage.
The phantom is almost destroyed.
You hit the phantom but do no damage. You kick the phantom.
The phantom is almost destroyed.
The phantom hits you!
You die...

### ### ### ### #####.#
#.#######.###########.# ....#.#
#.....................# ..)...#
#.######..###########.# ###.#.#
#.........# #...ยง..W..# ......#
########.#####(#####..# ###.###
#.....#.# #..#
.)#.##################.#)#####..#
................@W.....5......>.#
#.#.#.....############.#..#####.#
#.#.#.....# #.#..# #.#
#.#.#.....# #######.#..# #.#
#.#.......# #.......#..# #.#
#.###.....# #.......#.)# #.# #.#
#.....# #.......#..# #.#
#.###.##########.......#(.# #.#
.......................#..# #.#


You could see a phantom and a friendly crimson imp.

Vanquished Creatures
  Grinder (D:3)
  Duvessa (D:4)
  An ogre (D:4)
  Dowan (D:3)
  An orc priest (D:4)
  An orc wizard (D:4)
  An iguana (D:4)
  8 adders
  An ooze (D:1)
  2 adder skeletons
  4 worms
  2 dart slugs (D:1)
  3 leopard geckos
  9 orcs
  2 ball pythons
  6 giant cockroaches
  11 goblins
  8 hobgoblins
  5 jackals
  A quokka (D:2)
  6 bats
  8 frilled lizards
  6 kobolds
  15 rats
104 creatures vanquished.

Notes
Turn   | Place    | Note
-------+----------+-------------------------------------------
     0 | D:1      | Folque the Centaur Hunter began the quest for the Orb.
     0 | D:1      | Reached XP level 1. HP: 17/17 MP: 1/1
   294 | D:1      | Reached XP level 2. HP: 22/25 MP: 2/2
   465 | D:1      | Reached XP level 3. HP: 31/31 MP: 3/3
   698 | D:2      | Reached skill level 6 in Bows
   983 | D:2      | Reached XP level 4. HP: 29/40 MP: 4/4
  1421 | D:2      | Found a deep blue altar of Sif Muna.
  1793 | D:3      | Reached XP level 5. HP: 29/46 MP: 5/5
  2037 | D:3      | Noticed Grinder
  2091 | D:3      | Paralysed by Grinder for 2 turns
  2128 | D:3      | Paralysed by Grinder for 6 turns
  2161 | D:3      | Killed Grinder
  2161 | D:3      | Reached skill level 7 in Bows
  2161 | D:3      | Reached XP level 6. HP: 13/53 MP: 6/6
  2786 | D:4      | Noticed Duvessa
  2873 | D:4      | Killed Duvessa
  2873 | D:4      | Reached skill level 8 in Bows
  3009 | D:4      | Reached skill level 5 in Fighting
  3009 | D:4      | Reached skill level 1 in Short Blades
  3009 | D:4      | Reached XP level 7. HP: 44/61 MP: 7/7
  3225 | D:4      | Learned a level 2 spell: Call Imp
  3437 | D:4      | Noticed Dowan
  3477 | D:3      | Killed Dowan
  3580 | D:3      | Slain by a phantom

Skill      XL: |  1  2  3  4  5  6  7 |
---------------+----------------------+-----
Fighting       | 3 4 5 |  5.1
Bows           | 6 7 8 |  8.2
Dodging        | 2 |  2.9
Short Blades   | 1 2 |  2.4
Stealth        | |  0.4

Action                   |  1- 3 |  4- 6 |  7- 9 || total
-------------------------+-------+-------+-------++-------
Melee: Short sword       |    70 |    86 |    61 ||   217
       Kick              |    12 |    28 |    13 ||    53
       Whip              |    28 |       |       ||    28
       Spear             |       |    37 |       ||    37
 Fire: Shortbow          |    14 |    95 |    37 ||   146
 Cast: Call Imp          |       |       |     1 ||     1
  Use: Potion            |       |     1 |     1 ||     2
       Scroll            |       |     5 |       ||     5
  Eat: Ration            |     1 |       |       ||     1
       Chunk             |     1 |     5 |     1 ||     7
Armor: Leather armour    |    40 |    49 |    10 ||    99
Dodge: Dodged            |    38 |    75 |    24 ||   137
